Map: Galactic Process LE

Players

Tuttle

  • Race: Terran Terran
  • League: Bronze

Gracz - Winner!

  • Race: Terran Terran
  • League: Silver

VOD

Have the link to the VOD?

Description

Time

  • Played on: Oct. 25, 2016, 1:28 p.m.
  • Length: 13:50
Show
View Real Time Build Order
Export as new Build Order

Tuttle Terran 

Build Orders: Banshee Rush 

Get SALT Encoding   

  12  0:03  SCV  
  13  0:22  Supply Depot  
  13  0:33  SCV  
  14  0:42  Refinery  
  14  0:45  SCV  
  15  0:53  Barracks  
  15  0:58  SCV  
  16  1:06  Supply Depot  
  16  1:15  SCV  
  17  1:27  SCV  
  17  1:30  Supply Depot  
  18  1:39  SCV  
  19  1:58  Factory, Marine  
  21  2:08  SCV  
  21  2:15  Marine  
  21  2:20  SCV  
  23  2:33  Marine  
  23  2:36  Orbital Command  
  24  2:41  Refinery  
  24  2:45  Factory Tech Lab  
  24  2:50  Starport  
  24  2:51  Marine  
  25  3:09  Marine  
  26  3:17  SCV  
  27  3:27  Marine  
  27  3:29  SCV  
  29  3:40  Barracks  
  29  3:42  Factory Tech Lab  
  29  3:44  Marine  
  29  3:45  Cloaking Field  
  29  3:47  Banshee  
  33  4:02  Marine  
  33  4:08  Unknown, Command Center  
  34  4:12  Siege Tank  
  37  4:20  Marine  
  38  4:33  Supply Depot  
  38  4:38  Marine  
  39  4:54  Barracks Reactor  
  39  4:55  Medivac, Supply Depot  
  39  4:56  Marine  
  42  5:09  Starport  
  42  5:11  SCV  
  42  5:13  Marine  
  44  5:17  Supply Depot  
  44  5:20  Unknown  
  44  5:23  SCV  
  45  5:31  Marine  
  43  6:33  Fusion Core  
  43  6:34  Banshee  
  43  6:37  Starport Tech Lab  
  46  6:40  Barracks Reactor  
  46  6:42  Marine  
  46  6:43  Marine  
  48  7:00  Marine x2  
  50  7:10  Banshee  
  53  7:18  Marine x2  
  55  7:36  Marine x2  
  53  8:24  Fusion Core  
  53  8:27  Medivac  
  53  8:29  Medivac  
  53  8:32  Marine x3  
  53  8:33  Marine  
  61  8:50  Marine x4  
  65  8:56  Orbital Command  
  65  9:03  Refinery  
  65  9:05  Refinery  
  65  9:08  Marine x4  
  69  9:17  Cyclone  
  73  9:26  Marine x4  
  77  9:34  Supply Depot  
  77  9:56  Cyclone  
  77  9:57  Supply Depot  
  81  10:04  Weapon Refit  
  81  10:07  Battlecruiser  
  87  10:08  Battlecruiser  
  92  10:20  Supply Depot  
  89  10:46  Supply Depot  
  89  11:00  SCV  
  85  12:08  Unknown, Command Center  
  85  12:37  Battlecruiser  
Show
View Real Time Build Order
Export as new Build Order

Gracz Terran - Winner!

Build Orders: 1/1/1, MMM Bio 

Get SALT Encoding   

  12  0:01  SCV  
  13  0:16  Supply Depot  
  13  0:24  SCV  
  13  0:27  Refinery  
  14  0:39  Barracks  
  14  0:45  SCV  
  15  0:59  Refinery  
  15  1:00  SCV  
  16  1:16  SCV  
  17  1:28  Supply Depot  
  17  1:32  Factory  
  17  1:43  SCV  
  18  2:02  Orbital Command  
  18  2:18  Starport, Factory Tech Lab  
  18  2:20  Barracks Reactor  
  18  2:26  Barracks  
  18  2:40  Mag-Field Accelerator  
  18  2:48  SCV  
  19  2:55  Starport Reactor  
  19  3:06  SCV  
  20  3:14  Factory  
  20  3:18  SCV  
  21  3:21  Supply Depot  
  21  3:26  Barracks Tech Lab  
  21  3:28  Marine x2  
  23  3:37  Medivac  
  23  3:40  Medivac  
  27  3:49  Stimpack  
  27  4:07  Cyclone  
  31  4:19  SCV  
  32  4:25  Marauder  
  32  4:26  Unknown, Command Center  
  34  4:37  Marine x2  
  36  4:41  Factory Tech Lab  
  36  4:46  Supply Depot  
  36  4:55  Marine x2  
  38  5:05  Supply Depot  
  38  5:11  Marauder  
  38  5:12  Marine  
  38  5:13  Cyclone  
  45  5:26  Cyclone  
  45  5:27  Supply Depot  
  49  5:37  Unknown  
  49  5:38  Supply Depot  
  48  5:57  Orbital Command  
  43  6:22  SCV x2  
  43  6:23  Cyclone  
  43  6:24  Marine x2  
  51  6:34  SCV x2  
  39  7:09  SCV  
  39  7:10  SCV  
  41  7:22  SCV x2  
  33  7:50  Marine  
  33  7:51  Marine  
  32  7:53  Marauder  
  32  7:55  Siege Tank  
  32  7:56  Siege Tank  
  32  7:57  Barracks, Medivac x2  
  44  7:59  SCV x2  
  46  8:08  Marine x2  
  46  8:10  Liberator  
  46  8:11  SCV x2  
  50  8:23  Refinery, SCV x2  
  50  8:24  Refinery  
  52  8:27  Unknown, Command Center  
  55  8:35  SCV  
  56  8:45  Barracks, Barracks Reactor  
  56  8:46  Combat Shields  
  56  8:53  Starport  
  56  8:58  SCV x2  
  58  9:10  SCV  
  59  9:23  Marine x4  
  63  9:25  Marauder  
  63  9:26  Siege Tank  
  63  9:28  Siege Tank  
  71  9:39  Unknown  
  71  9:40  Orbital Command  
  71  9:42  SCV x2  
  75  9:54  SCV x2  
  75  9:55  Starport Reactor  
  75  10:11  Medivac x2  
  76  10:22  Marine x5  
  76  10:24  SCV x3  
  84  10:36  SCV  
  84  10:40  Marine x3  
  84  10:41  Viking x2  
  92  10:47  Marine x2  
  94  10:57  Marine  
  91  11:35  Liberator, Marine x2  
  91  11:38  Barracks Reactor  
  93  11:40  Liberator  
  93  11:42  SCV x3  
  93  11:45  Refinery  
  93  11:46  Refinery  
  96  11:52  Medivac  
  101  11:57  Medivac, SCV  
  101  12:00  Supply Depot  
  107  12:17  Siege Tank  
  107  12:18  Siege Tank  
  107  12:19  Marauder  
  107  12:21  Marine x5  
  120  12:40  Marauder  
  96  13:13  Marine  
  96  13:14  Marine x2  
Tags
 
Add a new tag
Caveats
  • Supply blocks, unpowered buildings, or Contaminate may cause inaccurate times.
  • Supply counts are checked every 10 seconds.